 Dungeon Crawl Stone Soup version 0.18-a0-1788-g92de1ac (webtiles) character file.

768 breivikhitler the Covered (level 7, -8/61 HPs)
             Began as a Minotaur Fighter on Apr 21, 2016.
             Was a Follower of Okawaru.
             Hit by a stone thrown by an orc warrior (13 damage)
             ... on level 5 of the Dungeon.
             The game lasted 00:24:08 (3921 turns).

breivikhitler the Covered (Minotaur Fighter)        Turns: 3921, Time: 00:24:09

Health: -8/61      AC:  7    Str: 20 (22) XL:     7   Next: 52%
Magic:  6/6        EV:  9    Int:  5      God:    Okawaru [*.....]
Gold:   229        SH: 10    Dex:  9 (10) Spells: 0 memorised, 6 levels left

rFire  + . .     SeeInvis .     a - +0 long sword
rCold  . . .     Gourm    .     b - +0 scale mail
rNeg   . . .     Faith    .     c - +0 shield
rPois  .         Spirit   .     (helmet restricted)
rElec  .         Dismiss  .     (no cloak)
rCorr  .         Reflect  .     (no gloves)
SustAt .         Harm     .     (no boots)
MR     .....                    (no amulet)
Stlth  ..........               p - ring of protection from fire
                                v - ring of flight (curse)

@: about to teleport, very slightly contaminated, slowed, very slow, not
resistant to hostile enchantments, extremely unstealthy
A: retaliatory headbutt, horns 2
a: Heroism, Renounce Religion, Evoke Flight


You were on level 5 of the Dungeon.
You worshipped Okawaru.
Okawaru was aware of your devotion.
You were not hungry.

You visited 1 branch of the dungeon, and saw 6 of its levels.

You collected 229 gold pieces.

Inventory:

Hand Weapons
 a - a +0 long sword (weapon)
Armour
 b - a +0 scale mail (worn)
 c - a +0 shield (worn)
Jewellery
 p - a ring of protection from fire (right hand)
 v - a cursed ring of flight (left hand)
Wands
 o - a wand of flame (0/48)
 r - a wand of digging (5/24)
Scrolls
 e - 3 scrolls of identify
 i - 2 scrolls of teleportation
 j - a scroll of magic mapping {unknown}
 m - a scroll of random uselessness {unknown}
 q - a scroll of noise {unknown}
 s - a scroll of recharging {unknown}
 t - a scroll of remove curse {unknown}
Potions
 k - a potion of resistance
 l - a potion of curing {unknown}
Comestibles
 d - 2 slices of pizza
 f - 7 bread rations
 g - a beef jerky


   Skills:
 + Level 5.5 Fighting
 + Level 4.3 Long Blades
 + Level 6.7 Armour
 + Level 3.5 Dodging
 + Level 5.5 Shields
 + Level 0.6 Evocations


You had 6 spell levels left.
You didn't know any spells.

Dungeon Overview and Level Annotations

Branches:
Dungeon (6/15)
 Temple: D:4-7

Altars:
Okawaru
Zin


Innate Abilities, Weirdness & Mutations

You reflexively headbutt those who attack you in melee.
You have a pair of horns on your head.


Message History

As you read the scroll of blinking, it crumbles to dust.
There is a stone staircase leading down here.
You climb downwards.
An iguana, a sky beast and 4 orcs come into view.
The orc priest shouts!
The orc shouts!
The orc wizard shouts!
The iguana hisses angrily.
There is a stone staircase leading up here.
The orc wizard points at you and mumbles some strange words.
You feel yourself slow down.
You climb upwards.
There is a stone staircase leading down here.
The orc warrior throws a stone.
You block the stone.
The orc warrior throws a stone.
The stone hits you!
* * * LOW HITPOINT WARNING * * *
You see here 2 stones.
The orc warrior throws a stone.
You block the stone.
As you read the scroll of teleportation, it crumbles to dust.
You feel strangely unstable.
The orc warrior throws a stone.
The stone hits you!
You die...

################
...............########
...(............@(...>#
..o.((......##..#####o#
#########...##†[# #.# #
.. #.#####.## #.# ..
#.#.# #..####o#### ...
#..#####(.........#
#o..#
##ooo.((...(...##.#
o... #..#####..###.# #
.#8 #..# #..#.#.#


You could see an orc warrior.

Vanquished Creatures
  Purgy (D:4)
  2 ogres (D:4)
  A howler monkey (D:4)
  A hound (D:5)
  Natasha (thrice) (D:1)
  An orc wizard (D:5)
  3 worker ants (D:4)
  Robin (D:2)
  4 gnolls
  A howler monkey skeleton (D:3)
  9 adders
  A worm (D:3)
  2 dart slugs
  3 giant geckos
  8 orcs
  5 bats
  5 giant cockroaches
  22 goblins
  9 hobgoblins
  14 jackals
  A quokka (D:2)
  A ball python (D:4)
  4 giant newts
  7 kobolds
  9 rats
118 creatures vanquished.

Notes
Turn   | Place    | Note
--------------------------------------------------------------
     0 | D:1      | breivikhitler the Minotaur Fighter began the quest for the Orb.
     0 | D:1      | Reached XP level 1. HP: 19/19 MP: 0/0
   128 | D:1      | Reached XP level 2. HP: 25/27 MP: 1/1
   407 | D:1      | Reached skill level 4 in Armour
   700 | D:1      | Reached XP level 3. HP: 29/33 MP: 2/2
   741 | D:2      | Noticed Natasha
   743 | D:2      | Noticed Robin
   748 | D:1      | Killed Natasha
   765 | D:1      | Reached XP level 4. HP: 28/41 MP: 3/3
   902 | D:1      | Noticed Natasha
   918 | D:1      | Killed Natasha
   918 | D:1      | Reached skill level 1 in Dodging
   949 | D:1      | Noticed Natasha
   977 | D:1      | Killed Natasha
   977 | D:1      | Reached XP level 5. HP: 6/47 MP: 4/4
  1385 | D:2      | Found an iron altar of Okawaru.
  1394 | D:2      | Became a worshipper of Warmaster Okawaru
  1808 | D:2      | Killed Robin
  1808 | D:2      | Reached skill level 5 in Armour
  2348 | D:3      | Found a glowing silver altar of Zin.
  2375 | D:3      | Reached XP level 6. HP: 42/55 MP: 5/5
  2393 | D:3      | Reached skill level 5 in Fighting
  2713 | D:4      | Reached skill level 5 in Shields
  2814 | D:4      | Noticed Purgy
  2827 | D:4      | Killed Purgy
  2827 | D:4      | Reached * piety under Okawaru
  3127 | D:4      | HP: 2/56 [ogre/giant club (28)]
  3584 | D:4      | Reached skill level 6 in Armour
  3584 | D:4      | Reached XP level 7. HP: 55/61 MP: 6/6
  3762 | D:5      | Entered Level 5 of the Dungeon
  3921 | D:5      | Hit by a stone thrown by an orc warrior

Vault maps used:
D:1:      dpeg_arrival_prison
D:2:      okawaru_metal_pillars_1_2, uniq_natasha, uniq_robin
D:3:      old_standard_altar
D:4:      first_bread, uniq_purgy
D:5:      guppyfry_early_orc_mine

Skill      XL: |  1  2  3  4  5  6 |
---------------+-------------------+-----
Shields        | 4 5 |  5.5
Armour         | 4 5 6 |  6.7
Fighting       | 4 5 |  5.5
Long Blades    | 3 4 |  4.3
Dodging        | 1 2 3 |  3.5
Evocations     | |  0.6

Action                   |  1- 3 |  4- 6 |  7- 9 || total
-------------------------+-------+-------+-------++-------
Melee: Long sword        |    68 |   207 |    31 ||   306
       Headbutt          |     8 |    32 |     7 ||    47
Evoke: Wand              |       |     1 |     9 ||    10
  Use: Scroll            |     1 |       |     4 ||     5
       Potion            |       |     6 |       ||     6
  Eat: Chunk             |       |     6 |       ||     6
       Meat ration       |       |     1 |       ||     1
Armor: Scale mail        |    41 |    88 |    10 ||   139
Dodge: Dodged            |    21 |    78 |    18 ||   117
Block: Shield            |    42 |   114 |    21 ||   177
